 Dungeon Crawl Stone Soup version 0.28-a0-518-g36894cfc38 (webtiles) character file.

Game seed: 2566520815850349462

28 Ijustatesigmund the Skirmisher (level 3, 0/24 HPs)
             Began as a Gargoyle Fighter on Sept 23, 2021.
             Slain by Terence (2 damage)
             ... on level 2 of the Dungeon.
             The game lasted 00:00:45 (797 turns).

Ijustatesigmund the Skirmisher (Gargoyle Fighter)    Turns: 797, Time: 00:00:45

Health: 0/24       AC: 10    Str: 19    XL:     3   Next: 12%
Magic:  3/3        EV:  9    Int:  8    God:
Gold:   15         SH:  4    Dex: 10    Spells: 2/2 levels left

rFire   . . .      SeeInvis .   a - +0 flail
rCold   . . .      Faith    .   c - +0 buckler
rNeg    + . .      Spirit   .   b - +0 scale mail
rPois   ∞          Reflect  .   (no helmet)
rElec   +          Harm     .   (no cloak)
rCorr   .          Rampage  .   (no gloves)
Will    .....                   (no boots)
Stlth   ..........              (no amulet)
HPRegen 0.08/turn               (no ring)
MPRegen 0.08/turn               (no ring)

@: mighty
A: sickness immunity, AC +3, negative energy resistance 1, electricity
resistance, torment resistance 1, petrification resistance
a: no special abilities


You were on level 2 of the Dungeon.
You visited 1 branch of the dungeon, and saw 2 of its levels.

You collected 15 gold pieces.

Inventory:

Hand Weapons
 a - a +0 flail (weapon)
Armour
 b - a +0 scale mail (worn)
 c - a +0 buckler (worn)
Scrolls
 e - a scroll of immolation
 f - a scroll of amnesia {unknown}
Potions
 d - 2 potions of might
 g - a potion of curing {unknown}


   Skills:
 + Level 3.7 Fighting
 * Level 3.1 Maces & Flails
 - Level 3.2 Armour
 - Level 3.2 Shields


You had 2 spell levels left.
You didn't know any spells.
Your spell library contained the following spells:

 Spells                   Type           Power      Damage    Failure   Level
 Scorch                   Fire           0%         2d5       91%         2
 Flame Wave               Conj/Fire      0%         3d3       100%        4
 Summon Cactus Giant      Summ           0%         N/A       100%        6


Dungeon Overview and Level Annotations

Branches:
Dungeon (1/15)

Altars:

Annotations:
D:2 Terence


Innate Abilities, Weirdness & Mutations

You are immune to sickness and miasma.
Your stone body is resilient. (AC +3)
You are immune to poison.
You resist negative energy. (rN+)
You are resistant to electric shocks. (rElec)
You are resistant to unholy torment.
You are immune to petrification.


Message History

a +0 short sword; 3 stones; a kobold corpse A frilled lizard comes into view.
The frilled lizard hisses angrily.
A hobgoblin comes into view.
You barely miss the frilled lizard.
The hobgoblin shouts!
The frilled lizard bites you but does no damage.
You closely miss the frilled lizard. The frilled lizard barely misses you.
The frilled lizard closely misses you.
You hit the frilled lizard.
You kill the frilled lizard!
The hobgoblin hits you.
Terence the Incautious comes into view.
He is wielding a +0 morningstar.
You see here a frilled lizard corpse.
You completely miss the hobgoblin.
Terence shouts!
The hobgoblin hits you but does no damage.
Terence says, "Don't bother to defend, it's pointless."
The hobgoblin hits you.
You barely miss the hobgoblin. The hobgoblin barely misses you.
There are monsters nearby!
Your shield and scale mail prevent you from hitting the hobgoblin.
The hobgoblin hits you.
You feel very mighty all of a sudden. The hobgoblin hits you.
You sock the hobgoblin!
You kill the hobgoblin!
You block Terence's attack.
You barely miss Terence. You block Terence's attack.
You hit Terence.
Terence is moderately wounded.
Terence closely misses you.
You barely miss Terence.
Terence is moderately wounded.
Terence closely misses you. Terence hits you with a +0 morningstar!
* * * LOW HITPOINT WARNING * * *
You barely miss Terence.
Terence is moderately wounded.
Terence hits you with a +0 morningstar.
You die...

##.)..## #....## ##...##
####### #...## #...).#
###.### #.###.# #####...#
#.#...# ........##
#.#.######
......#.#....######.#......#
#######.#......@@...#.####.#
#.############### #.#
#.....# #.#
#####.##############.#
#................#
#.################ #.# ###


You could see Terence.

Vanquished Creatures
  An adder (D:2)
  A ball python (D:1)
  A giant cockroach (D:1)
  4 hobgoblins
  2 jackals (D:2)
  2 kobolds
  A quokka (D:1)
  2 bats (D:1)
  2 frilled lizards
  A rat (D:1)
17 creatures vanquished.

Notes
Turn   | Place    | Note
-------+----------+-------------------------------------------
     0 | D:1      | Ijustatesigmund the Gargoyle Fighter began the quest for
                  | the Orb.
     0 | D:1      | Reached XP level 1. HP: 14/14 MP: 1/1
   153 | D:1      | Found a faded altar of an unknown god.
   176 | D:1      | Reached XP level 2. HP: 8/19 MP: 2/2
   454 | D:1      | You fall into a shaft and drop 1 floor!
   469 | D:2      | Reached XP level 3. HP: 17/24 MP: 3/3
   788 | D:2      | Noticed Terence
   796 | D:2      | HP: 1/24 [Terence (11)]
   797 | D:2      | Slain by Terence

Illustrated notes

Levels and vault maps discovered:
D:1:      wheals_arrival_shading, layout_rooms,
          hellmonk_ecumenical_altar_blasted
D:2:      minmay_general_purpose_star, layout_basic, nrook_mini_backslash,
          kennysheep_generic_room_4, uniq_terence

Skill      XL: |  1  2 |
---------------+-------+-----
Maces & Flails | 3 |  3.1
Fighting       | |  3.7
Armour         | |  3.2
Shields        | |  3.2

Action                   || total
-------------------------++-------
Melee: Flail             ||    72
  Use: Potion            ||     1
Armor: Scale mail        ||    43
Dodge: Dodged            ||    53
Block: Buckler           ||    31

Table legend: (Time is in decaauts)
 A = Elapsed time spent in this place.
 B = Non-inter-level travel time spent in this place.
 C = Inter-level travel time spent in this place.
 D = Time resting spent in this place.
 E = Time spent auto-exploring this place.
 F = Levels seen in this place.
 G = Mean time per level.
                   A        B        C        D        E       F      G
               +--------+--------+--------+--------+--------+-----+--------+
         Total |    818 |    818 |      0 |    352 |    323 |   2 |  409.0 |
       Dungeon |    818 |    818 |      0 |    352 |    323 |   2 |  409.0 |
               +--------+--------+--------+--------+--------+-----+--------+

Top non-repeatable levels by time:
     D:1: 465 daAuts
     D:2: 352 daAuts
